General information
- name: BNet
- type: Ladder team game (AT/RT)
- host: Battle.net
- saver: e_e
map: Deadlock
- players: 8
- length: 23:59
- speed: Fast
- version: 1.26 W3XP
- replay type: Public
» download(190 KB)
Players
team 1 (loser)
4G.CRYFOR)EPICA (
teal | 109 APM | 2620 actions | 23:57)
5 Archmage
3 Summon Water Elemental
2 Brilliance Aura
2 Firelord
1 Summon Lava Spawn
1 Soul Burn
» actions
| Assign group hotkey | 31 | |
| Basic commands | 5 | |
| Build / train | 96 | |
| Enter build submenu | 27 | |
| Enter hero's abilities submenu | 7 | |
| Give item / drop item | 2 | |
| Remove unit from queue | 2 | |
| Right click | 1048 | |
| Select / deselect | 314 | |
| Select group hotkey | 1017 | |
| Use ability | 71 | |
2620 total
» units
| Peasant | 23 | |
| Footman | 15 | |
| Mortar Team | 6 | |
| Flying Machine | 5 | |
| Siege Engine | 5 | |
54 total
» upgrades
| Lumber Harvesting | 1 | |
| Masonry | 1 | |
| Flying Machine Bombs | 1 | |
| Flak Cannons | 1 | |
| Fragmentation Shards | 1 | |
| Gunpowder | 3 | |
| Barrage | 1 | |
9 total
» buildings
| Farm | 13 | |
| Altar of Kings | 1 | |
| Barracks | 1 | |
| Arcane Vault | 1 | |
| Town Hall | 1 | |
| Keep | 4 | |
| Scout Tower | 1 | |
| Blacksmith | 1 | |
| Lumber Mill | 1 | |
| Workshop | 4 | |
| Castle | 1 | |
29 total
» build order
00:15 Farm
00:17 Altar of Kings
00:20 Farm
00:23 Farm
00:25 Barracks
01:38 Farm
01:53 Arcane Vault
02:41 Farm
03:28 Farm
04:12 Town Hall
04:19 Keep
04:20 Keep
04:20 Keep
05:28 Scout Tower
05:49 Blacksmith
05:54 Lumber Mill
08:06 Workshop
08:06 Workshop
10:06 Castle
11:45 Farm
12:03 Farm
16:09 Farm
16:09 Farm
16:51 Farm
17:11 Farm
17:12 Farm
18:30 Workshop
22:03 Workshop
» items
| Scroll of Regeneration | 4 | |
| Boots of Speed | 2 | |
| Circlet of Nobility | 1 | |
| Dust of Appearance | 1 | |
| Staff of Teleportation | 1 | |
| Scroll of Town Portal | 3 | |
| Potion of Healing | 3 | |
| Potion of Lesser Invulnerability | 2 | |
17 total
fgg (
blue | 62 APM | 1432 actions | 23:12)
4 Mountain King
2 Storm Bolt
2 Bash
1 Paladin
1 Divine Shield
» actions
| Assign group hotkey | 39 | |
| Build / train | 85 | |
| Enter build submenu | 27 | |
| Enter hero's abilities submenu | 5 | |
| Remove unit from queue | 4 | |
| Right click | 635 | |
| Select / deselect | 307 | |
| Select group hotkey | 262 | |
| Use ability | 68 | |
1432 total
» units
» upgrades
| Gunpowder | 3 | |
| Armor | 3 | |
| Long Rifles | 1 | |
| Masonry | 2 | |
9 total
» buildings
| Altar of Kings | 1 | |
| Farm | 6 | |
| Blacksmith | 1 | |
| Barracks | 1 | |
| Scout Tower | 11 | |
| Arcane Tower | 1 | |
| Keep | 1 | |
| Arcane Vault | 1 | |
| Lumber Mill | 1 | |
| Guard Tower | 3 | |
| Town Hall | 2 | |
| Castle | 1 | |
30 total
» build order
00:28 Altar of Kings
00:30 Farm
00:59 Blacksmith
01:07 Barracks
01:38 Farm
02:03 Scout Tower
02:21 Farm
02:31 Arcane Tower
04:04 Keep
04:06 Farm
05:11 Arcane Vault
05:33 Scout Tower
05:41 Lumber Mill
06:16 Farm
06:58 Farm
07:46 Guard Tower
08:08 Scout Tower
08:10 Scout Tower
08:41 Town Hall
08:42 Guard Tower
11:57 Castle
12:41 Scout Tower
13:42 Guard Tower
13:45 Scout Tower
14:33 Guard Tower
14:36 Scout Tower
15:11 Guard Tower
16:58 Town Hall
21:36 Scout Tower
21:39 Scout Tower
21:42 Scout Tower
21:44 Scout Tower
22:25 Guard Tower
» items
| Scroll of Regeneration | 8 | |
| Lesser Clarity Potion | 5 | |
| Scroll of Town Portal | 6 | |
| Potion of Healing | 2 | |
| Orb of Fire | 1 | |
| Boots of Speed | 1 | |
| Periapt of Vitality | 1 | |
24 total

»
toad (
purple | 93 APM | 2109 actions | 22:39)
5 Mountain King
3 Storm Bolt
2 Bash
3 Paladin
2 Holy Light
1 Divine Shield
3 Archmage
2 Brilliance Aura
1 Summon Water Elemental
» actions
| Assign group hotkey | 35 | |
| Basic commands | 214 | |
| Build / train | 106 | |
| ESC pressed | 2 | |
| Enter build submenu | 28 | |
| Enter hero's abilities submenu | 11 | |
| Give item / drop item | 1 | |
| Right click | 427 | |
| Select / deselect | 368 | |
| Select group hotkey | 799 | |
| Use ability | 118 | |
2109 total
» units
| Peasant | 41 | |
| Footman | 4 | |
| Dragonhawk Rider | 8 | |
| Gryphon Rider | 5 | |
58 total
» upgrades
| Lumber Harvesting | 1 | |
| Masonry | 3 | |
| Storm Hammers | 1 | |
| Cloud | 1 | |
| Swords | 2 | |
| Armor | 2 | |
10 total
» buildings
| Altar of Kings | 1 | |
| Farm | 10 | |
| Barracks | 1 | |
| Arcane Vault | 1 | |
| Keep | 1 | |
| Town Hall | 1 | |
| Lumber Mill | 1 | |
| Castle | 1 | |
| Gryphon Aviary | 3 | |
| Scout Tower | 7 | |
| Guard Tower | 4 | |
| Blacksmith | 1 | |
32 total
» build order
00:22 Altar of Kings
00:37 Farm
00:38 Farm
00:53 Barracks
01:45 Farm
01:53 Arcane Vault
03:41 Keep
04:20 Town Hall
04:43 Lumber Mill
06:15 Castle
06:35 Farm
06:37 Farm
06:39 Farm
06:59 Gryphon Aviary
07:46 Gryphon Aviary
07:51 Gryphon Aviary
08:00 Farm
08:01 Farm
09:10 Scout Tower
09:12 Scout Tower
09:17 Farm
09:36 Guard Tower
09:54 Blacksmith
13:25 Scout Tower
13:27 Scout Tower
13:28 Scout Tower
13:29 Scout Tower
14:35 Guard Tower
14:43 Guard Tower
14:44 Scout Tower
15:00 Farm
16:45 Guard Tower
» items
| Scroll of Regeneration | 7 | |
| Lesser Clarity Potion | 4 | |
| Orb of Fire | 2 | |
| Scroll of Town Portal | 2 | |
| Potion of Healing | 1 | |
| Boots of Speed | 1 | |
17 total

»
Pigsh-t_Abounds (
green | 30 APM | 688 actions | 23:06)
3 Crypt Lord
2 Carrion Beetles
1 Spiked Carapace
1 Dreadlord
1 Sleep
» actions
| Assign group hotkey | 20 | |
| Basic commands | 26 | |
| Build / train | 67 | |
| Enter build submenu | 15 | |
| Enter hero's abilities submenu | 4 | |
| Give item / drop item | 1 | |
| Right click | 264 | |
| Select / deselect | 197 | |
| Select group hotkey | 68 | |
| Use ability | 26 | |
688 total
» units
| Acolyte | 18 | |
| Ghoul | 3 | |
| Crypt Fiend | 7 | |
28 total
» upgrades
| Creature Carapace | 2 | |
| Creature Attack | 2 | |
| Unholy Strength | 2 | |
| Unholy Armor | 2 | |
| Web | 1 | |
| Burrow | 1 | |
10 total
» buildings
| Altar of Darkness | 1 | |
| Ziggurat | 11 | |
| Crypt | 1 | |
| Graveyard | 1 | |
| Nerubian Tower | 5 | |
| Tomb of Relics | 1 | |
| Spirit Tower | 7 | |
| Halls of the Dead | 1 | |
28 total
» build order
00:28 Altar of Darkness
00:34 Ziggurat
01:02 Crypt
01:10 Graveyard
01:28 Nerubian Tower
01:48 Ziggurat
02:04 Ziggurat
02:31 Tomb of Relics
02:56 Spirit Tower
03:14 Spirit Tower
03:33 Ziggurat
04:35 Ziggurat
04:42 Nerubian Tower
04:43 Nerubian Tower
05:44 Spirit Tower
06:08 Ziggurat
06:30 Halls of the Dead
07:11 Ziggurat
07:15 Spirit Tower
08:08 Ziggurat
11:39 Spirit Tower
11:52 Spirit Tower
16:01 Ziggurat
17:07 Ziggurat
18:06 Nerubian Tower
18:58 Nerubian Tower
19:49 Ziggurat
21:46 Spirit Tower
» items
| Boots of Speed | 1 | |
| Dust of Appearance | 1 | |
| Rod of Necromancy | 1 | |
| Potion of Healing | 2 | |
| Potion of Mana | 1 | |
| Scroll of Town Portal | 1 | |
| Scroll of Regeneration | 1 | |
| Orb of Fire | 1 | |
| Lesser Clarity Potion | 1 | |
10 total
team 2 (winner)
arschloach (
red | 79 APM | 1330 actions | 16:44)
3 Blademaster
2 Wind Walk
1 Critical Strike
2 Shadow Hunter
1 Hex
1 Healing Wave
» actions
| Assign group hotkey | 40 | |
| Build / train | 60 | |
| Enter build submenu | 17 | |
| Enter hero's abilities submenu | 5 | |
| Give item / drop item | 1 | |
| Right click | 480 | |
| Select / deselect | 283 | |
| Select group hotkey | 356 | |
| Use ability | 88 | |
1330 total
» units
| Peon | 9 | |
| Grunt | 5 | |
| Raider | 5 | |
| Troll Batrider | 3 | |
22 total
» upgrades
| Berserker Strength | 1 | |
| Melee Weapons | 2 | |
| Ensnare | 1 | |
| Armor | 2 | |
| Liquid Fire | 1 | |
| Shaman Training | 1 | |
8 total
» buildings
| Altar of Storms | 1 | |
| Orc Burrow | 11 | |
| Barracks | 1 | |
| Voodoo Lounge | 1 | |
| Stronghold | 1 | |
| War Mill | 1 | |
| Beastiary | 1 | |
| Fortress | 2 | |
| Spirit Lodge | 1 | |
20 total
» build order
00:05 Altar of Storms
00:18 Orc Burrow
00:48 Barracks
01:26 Orc Burrow
02:11 Voodoo Lounge
03:28 Stronghold
04:02 Orc Burrow
05:16 War Mill
06:00 Beastiary
06:03 Orc Burrow
08:33 Orc Burrow
08:34 Orc Burrow
09:08 Orc Burrow
10:27 Fortress
10:27 Fortress
12:01 Orc Burrow
12:03 Orc Burrow
12:56 Orc Burrow
13:00 Spirit Lodge
13:42 Orc Burrow
» items
| Lesser Clarity Potion | 5 | |
| Healing Salve | 6 | |
| Scroll of Speed | 3 | |
| Potion of Healing | 2 | |
| Scroll of Town Portal | 2 | |
| Orb of Lightning | 1 | |
| Potion of Lesser Invulnerability | 1 | |
20 total

»
UnholyCumulus (
pink | 98 APM | 2351 actions | 23:58)
6 Far Seer
2 Feral Spirit
3 Chain Lighting
1 Earth Quake
4 Shadow Hunter
2 Healing Wave
2 Hex
» actions
| Assign group hotkey | 79 | |
| Basic commands | 67 | |
| Build / train | 106 | |
| Enter build submenu | 19 | |
| Enter hero's abilities submenu | 10 | |
| Remove unit from queue | 4 | |
| Right click | 779 | |
| Select / deselect | 373 | |
| Select group hotkey | 796 | |
| Use ability | 118 | |
2351 total
» units
| Peon | 14 | |
| Troll Headhunter/Berserker | 22 | |
| Shaman | 12 | |
| Troll Batrider | 22 | |
70 total
» upgrades
| Ranged Weapons | 3 | |
| Troll Regeneration | 1 | |
| Berserker Upgrade | 1 | |
| Shaman Training | 2 | |
| Reinforced Defenses | 1 | |
| Armor | 2 | |
| Spiked Barricades | 1 | |
11 total
» buildings
| Orc Burrow | 7 | |
| War Mill | 1 | |
| Barracks | 1 | |
| Altar of Storms | 1 | |
| Voodoo Lounge | 1 | |
| Stronghold | 1 | |
| Watch Tower | 3 | |
| Great Hall | 2 | |
| Fortress | 1 | |
| Spirit Lodge | 1 | |
| Beastiary | 2 | |
21 total
» build order
00:28 Orc Burrow
00:41 War Mill
00:57 Orc Burrow
01:25 Barracks
01:42 Altar of Storms
02:53 Voodoo Lounge
04:08 Orc Burrow
04:36 Stronghold
04:51 Watch Tower
05:17 Watch Tower
05:22 Watch Tower
06:23 Great Hall
06:57 Fortress
08:06 Orc Burrow
08:13 Spirit Lodge
10:43 Orc Burrow
13:55 Beastiary
14:01 Orc Burrow
16:06 Orc Burrow
18:30 Beastiary
23:53 Great Hall
» items
| Healing Salve | 1 | |
| Lesser Clarity Potion | 2 | |
| Scroll of Town Portal | 2 | |
| Orb of Lightning | 1 | |
| Potion of Mana | 1 | |
7 total

»
miniraeace (
yellow | 41 APM | 988 actions | 23:58)
4 Keeper of the Grove
2 Force of Nature
2 Thorns Aura
3 Demon Hunter
2 Evasion
1 Immolation
1 Shadow Hunter
1 Hex
» actions
| Build / train | 103 | |
| Enter build submenu | 21 | |
| Enter hero's abilities submenu | 9 | |
| Right click | 414 | |
| Select / deselect | 362 | |
| Use ability | 79 | |
988 total
» units
| Wisp | 17 | |
| Archer | 2 | |
| Huntress | 2 | |
| Dryad | 34 | |
| Harpy Windwitch | 1 | |
| Harpy Rogue | 1 | |
| Centaur Outrunner | 1 | |
| Razormane Medicine Man | 1 | |
| Wind Rider | 3 | |
| Grunt | 6 | |
| Shaman | 3 | |
71 total
» upgrades
| Ultravision | 1 | |
| Reinforced Hides | 3 | |
| Strength of the Wild | 2 | |
| Abolish Magic | 1 | |
| Strength of the Moon | 1 | |
| Shaman Training | 1 | |
| Spiked Barricades | 1 | |
10 total
» buildings
| Altar of Elders | 1 | |
| Moon Well | 6 | |
| Ancient of War | 1 | |
| Hunter's Hall | 1 | |
| Tree of Ages | 1 | |
| Tree of Life | 1 | |
| Ancient of Lore | 2 | |
| Ancient of Wonders | 1 | |
| Tree of Eternity | 1 | |
| Orc Burrow | 2 | |
17 total
» build order
00:04 Altar of Elders
00:06 Moon Well
01:00 Ancient of War
01:57 Hunter's Hall
03:03 Moon Well
03:07 Moon Well
03:33 Tree of Ages
05:38 Tree of Life
06:08 Ancient of Lore
06:11 Ancient of Lore
06:15 Ancient of Wonders
06:21 Moon Well
13:43 Moon Well
13:48 Moon Well
17:11 Tree of Eternity
22:02 Orc Burrow
22:04 Orc Burrow
» items
| Scroll of Town Portal | 4 | |
| Potion of Healing | 4 | |
| Moonstone | 1 | |
| Orb of Venom | 1 | |
10 total
e_e (
orange | 52 APM | 1248 actions | 23:59)
7 Blood Mage
3 Flame Strike
2 Siphon Mana
1 Summon Phoenix
1 Banish
2 Blademaster
1 Critical Strike
1 Wind Walk
» actions
| Assign group hotkey | 42 | |
| Basic commands | 28 | |
| Build / train | 75 | |
| Enter build submenu | 24 | |
| Enter hero's abilities submenu | 9 | |
| Right click | 561 | |
| Select / deselect | 270 | |
| Select group hotkey | 162 | |
| Use ability | 77 | |
1248 total
» units
| Peasant | 15 | |
| Footman | 8 | |
| Gryphon Rider | 8 | |
31 total
» upgrades
| Lumber Harvesting | 2 | |
| Masonry | 3 | |
| Storm Hammers | 1 | |
| Swords | 3 | |
| Armor | 3 | |
| Animal War Training | 1 | |
13 total
» buildings
| Altar of Kings | 1 | |
| Barracks | 1 | |
| Farm | 5 | |
| Arcane Vault | 1 | |
| Keep | 1 | |
| Town Hall | 1 | |
| Lumber Mill | 1 | |
| Scout Tower | 4 | |
| Guard Tower | 1 | |
| Castle | 1 | |
| Gryphon Aviary | 4 | |
| Blacksmith | 2 | |
| Orc Burrow | 4 | |
27 total
» build order
00:36 Altar of Kings
00:37 Barracks
00:50 Farm
00:52 Farm
01:05 Farm
01:36 Farm
02:47 Arcane Vault
03:59 Keep
04:11 Town Hall
04:17 Lumber Mill
04:37 Scout Tower
04:40 Scout Tower
04:42 Scout Tower
04:45 Scout Tower
05:23 Guard Tower
06:22 Castle
08:03 Gryphon Aviary
08:05 Gryphon Aviary
08:07 Gryphon Aviary
08:09 Gryphon Aviary
08:47 Blacksmith
08:50 Blacksmith
11:06 Farm
18:21 Orc Burrow
18:22 Orc Burrow
18:24 Orc Burrow
18:26 Orc Burrow
» items
| Scroll of Regeneration | 3 | |
| Boots of Speed | 1 | |
| Staff of Teleportation | 1 | |
| Potion of Invisibility | 4 | |
| Lesser Clarity Potion | 1 | |
| Potion of Mana | 1 | |
| Potion of Healing | 2 | |
| Scroll of Town Portal | 4 | |
| Staff of Sanctuary | 1 | |
18 total
Chat log
(00:14 / All) miniraeace: AA
(00:14 / All) miniraeace: A
(00:15 / All) miniraeace: A
(00:15 / All) miniraeace: A
(00:15 / All) miniraeace: A
(00:16 / All) miniraeace: A
(00:16 / All) miniraeace: A
(00:16 / All) miniraeace: A
(00:17 / All) miniraeace: A
(00:17 / All) miniraeace: A
(00:18 / All) miniraeace: A
(00:18 / All) miniraeace: A
(00:19 / All) miniraeace: A
(00:19 / All) miniraeace: A
(00:25 / All) toad: B
(00:28 / All) arschloach: C
(00:42 / All) miniraeace: damn you and your alphabete
(00:44 / All) toad: d...
(00:49 / All) arschloach: e
(00:56 / All) toad: alright
(01:02 / All) toad: this is where it gets fuzzy
(01:11 / All) arschloach: F
(01:20 / All) arschloach: G
(01:57 / Allies) e_e: do they have any ud
(02:02 / All) arschloach: H
(02:11 / All) toad: lol did you just go ask someone?
(02:27 / All) arschloach: i
(06:16 / Allies) arschloach: atkk?
(06:31 / Allies) e_e: what
(06:33 / Allies) e_e: I'm doing something different
(06:39 / Allies) arschloach: bitch
(06:46 / Allies) e_e: yeah I'm not your bitch
(11:02 / All) Pigsh-t_Abounds: you just talk shit and cry
(11:08 / Allies) UnholyCumulus: burrow
(11:50 / Allies) arschloach: shit noob
(12:55 / Allies) UnholyCumulus: wait for shams
(13:08 / Allies) e_e: teal mh
(13:19 / All) e_e: teal totally mhs lawl
(13:28 / Allies) arschloach: omg stfu pls
(13:55 / Allies) e_e: are you talking to me red?
(14:20 / Allies) e_e: Why would you talk to an ally like that
(14:27 / Allies) e_e: especially one that just gave you 1200 gold you fucking dumb queer
(14:46 / Allies) UnholyCumulus: watch flank
(15:21 / Allies) e_e: red do you mh
(15:28 / Allies) arschloach: no
(15:33 / Allies) arschloach: -.-
(15:36 / Allies) arschloach: stop this mh shit
(15:53 / Allies) e_e: he movped his peons instantly
(15:57 / Allies) UnholyCumulus: got bats pumping
(15:58 / Allies) e_e: that's why I said that
(16:10 / Allies) e_e: and his army was already coming
(16:15 / Allies) arschloach: idc
(16:16 / Allies) e_e: he couldn't have seen me
(16:52 / Allies) e_e: someone take red
(18:17 / Allies) e_e: some one take red/
(20:04 / All) toad: GG
(20:26 / Allies) UnholyCumulus: come to me yellow and stick with me..let me get bats
(21:26 / Allies) UnholyCumulus: orange
(23:07 / All) fgg: green might be the shittest player ive ever had on team lol